[ AOE2 MATCH · #504555008 ]
UnrankedIncas vs Mongols
Player's team · LOSS
Rival team · WIN
[ REPLAY ANALYSIS · EXTRACTED FROM THE RECORDED GAME ]
Feudal
11:40
Castle
—
Imperial
—
| APM avg | 37.7 |
| APM peak | 59 |
| eAPM avg | 23.6 |
| Villagers / military | 55 / 23 |
Focus
⚔️ 36.5% · 🌾 63.5%
Archer ×12 · Skirmisher ×11
Feudal
14:03
Castle
17:33
Imperial
—
| APM avg | 52.0 |
| APM peak | 114 |
| eAPM avg | 24.6 |
| Villagers / military | 75 / 29 |
Focus
⚔️ 32.6% · 🌾 67.4%
Cavalry Archer ×18 · Militia ×9 · Skirmisher ×2
Match map
Initial resources + every placement click. Lines = walls · curves = elevation contours. ◆ gold · ⬟ stone · ● berries · ✦ relic · ◌ wall gap
Your base· Open — unwalled flank
ocxsod_kuhdf's base· Open — unwalled flank
Smoothed initial terrain · ◌ = detected wall gap · hover for details
Inputs per minute
— Okan1080 - - ocxsod_kuhdf
Build order — Okan1080
First 150 of 151 actions detected
| 0:01 | Queue | Villager (Male) ×4 |
| 0:02 | Build | House |
| 0:04 | Build | House |
| 1:32 | Queue | Villager (Male) |
| 1:57 | Queue | Villager (Male) |
| 2:10 | Queue | Villager (Male) |
| 2:10 | Queue | Villager (Male) |
| 2:28 | Build | Settlement |
| 2:34 | Queue | Villager (Male) |
| 2:35 | Queue | Villager (Male) |
| 3:04 | Queue | Villager (Male) |
| 3:05 | Queue | Villager (Male) |
| 3:15 | Queue | Villager (Male) |
| 3:15 | Queue | Villager (Male) |
| 3:32 | Queue | Villager (Male) |
| 3:32 | Queue | Villager (Male) |
| 4:25 | Research | Loom |
| 4:37 | Queue | Villager (Male) |
| 5:08 | Build | Settlement |
| 5:09 | Queue | Villager (Male) |
| 5:13 | Build | Palisade Wall |
| 5:18 | Build | Palisade Wall |
| 5:22 | Queue | Villager (Male) |
| 6:00 | Queue | Villager (Male) |
| 6:18 | Build | Palisade Wall |
| 6:41 | Queue | Villager (Male) |
| 6:51 | Build | Settlement |
| 6:58 | Queue | Villager (Male) |
| 7:32 | Build | Palisade Wall |
| 7:35 | Build | Palisade Wall |
| 7:39 | Queue | Villager (Male) |
| 7:45 | Queue | Villager (Male) |
| 8:03 | Queue | Villager (Male) |
| 8:06 | Build | Palisade Wall |
| 8:14 | Build | Farm |
| 8:15 | Build | Farm |
| 8:23 | Build | Palisade Wall |
| 8:36 | Build | Farm |
| 8:46 | Queue | Villager (Male) |
| 8:59 | Build | Palisade Wall |
| 8:59 | Build | Palisade Wall |
| 9:01 | Build | Palisade Wall |
| 9:30 | Research | Feudal Age |
| 9:31 | Research | Feudal Age |
| 9:35 | Build | Palisade Wall |
| 9:41 | Build | House |
| 9:53 | Build | House |
| 9:57 | Build | Palisade Wall |
| 9:59 | Build | Palisade Wall |
| 10:46 | Build | Barracks |
| 11:40 | Age | Feudal Age |
| 11:44 | Build | Palisade Wall |
| 11:49 | Queue | Villager (Male) |
| 12:01 | Queue | Villager (Male) |
| 12:04 | Queue | Villager (Male) |
| 12:20 | Build | Palisade Wall |
| 12:32 | Build | Archery Range |
| 12:38 | Build | Archery Range |
| 12:42 | Build | Palisade Wall |
| 12:45 | Queue | Villager (Male) |
| 12:58 | Queue | Villager (Male) |
| 13:09 | Build | Palisade Wall |
| 13:11 | Queue | Villager (Male) |
| 13:14 | Queue | Villager (Male) |
| 13:17 | Build | Archery Range |
| 13:25 | Queue | Archer |
| 13:33 | Research | Double-Bit Axe |
| 13:34 | Queue | Villager (Male) |
| 13:43 | Queue | Villager (Male) |
| 13:49 | Build | Palisade Wall |
| 13:53 | Queue | Villager (Male) |
| 14:00 | Queue | Villager (Male) |
| 14:10 | Queue | Villager (Male) |
| 14:27 | Build | Palisade Wall |
| 14:28 | Build | Palisade Wall |
| 14:30 | Build | Palisade Wall |
| 14:32 | Build | Palisade Wall |
| 14:37 | Build | Palisade Wall |
| 14:39 | Build | Palisade Wall |
| 14:41 | Build | Palisade Wall |
| 14:43 | Build | Palisade Wall |
| 14:45 | Build | Palisade Wall |
| 14:47 | Build | Palisade Wall |
| 14:52 | Queue | Villager (Male) |
| 14:55 | Queue | Archer |
| 14:55 | Queue | Archer |
| 14:55 | Queue | Archer |
| 14:56 | Queue | Villager (Male) |
| 15:06 | Queue | Villager (Male) |
| 15:07 | Build | Blacksmith |
| 15:11 | Build | Palisade Wall |
| 15:18 | Build | Farm |
| 15:18 | Build | Farm |
| 15:18 | Build | Farm |
| 15:18 | Build | Farm |
| 15:18 | Build | Farm |
| 15:19 | Build | Farm |
| 15:22 | Build | Farm |
| 15:22 | Build | Farm |
| 15:22 | Build | Farm |
| 15:23 | Build | Farm |
| 15:23 | Build | Farm |
| 15:23 | Queue | Villager (Male) |
| 15:25 | Queue | Archer |
| 15:26 | Queue | Archer |
| 15:34 | Queue | Archer |
| 16:02 | Build | Palisade Wall |
| 16:17 | Queue | Villager (Male) |
| 16:19 | Build | Farm |
| 16:19 | Build | Farm |
| 16:20 | Build | Farm |
| 16:20 | Build | Farm |
| 16:20 | Queue | Archer |
| 16:20 | Queue | Archer |
| 16:21 | Queue | Villager (Male) ×2 |
| 16:35 | Build | Farm |
| 16:41 | Build | Palisade Wall |
| 16:46 | Queue | Archer |
| 16:47 | Queue | Villager (Male) |
| 17:07 | Build | Palisade Wall |
| 17:25 | Build | Farm |
| 17:25 | Build | Farm |
| 17:25 | Build | Farm |
| 17:32 | Build | Palisade Wall |
| 17:34 | Queue | Archer |
| 17:47 | Queue | Villager (Male) |
| 17:59 | Build | Settlement |
| 18:05 | Queue | Villager (Male) |
| 18:06 | Queue | Archer |
| 18:20 | Queue | Skirmisher ×5 |
| 18:32 | Research | Fletching |
| 18:32 | Research | Fletching |
| 18:37 | Build | Farm |
| 18:38 | Queue | Villager (Male) |
| 18:44 | Queue | Skirmisher |
| 18:51 | Queue | Villager (Male) |
| 18:53 | Build | Watch Tower |
| 19:01 | Queue | Villager (Male) |
| 19:02 | Queue | Villager (Male) |
| 19:15 | Queue | Skirmisher |
| 19:16 | Queue | Skirmisher |
| 19:30 | Queue | Villager (Male) |
| 19:38 | Research | Padded Archer Armor |
| 19:51 | Build | Palisade Wall |
| 19:53 | Queue | Villager (Male) |
| 20:18 | Build | House |
| 20:24 | Queue | Villager (Male) |
| 20:31 | Queue | Skirmisher |
| 20:31 | Queue | Skirmisher |
| 20:36 | Queue | Skirmisher |
Build order — ocxsod_kuhdf
122 actions detected in the replay
| 0:00 | Queue | Villager (Male) ×4 |
| 0:00 | Queue | Villager (Male) ×4 |
| 0:02 | Build | House |
| 0:02 | Build | House |
| 0:50 | Research | Loom |
| 0:50 | Research | Loom |
| 0:51 | Queue | Villager (Male) |
| 0:51 | Queue | Villager (Male) ×2 |
| 0:51 | Queue | Villager (Male) |
| 1:29 | Queue | Villager (Male) |
| 1:30 | Queue | Villager (Male) |
| 2:19 | Queue | Villager (Male) ×2 |
| 2:19 | Queue | Villager (Male) ×2 |
| 2:44 | Queue | Villager (Male) |
| 2:44 | Queue | Villager (Male) |
| 3:01 | Queue | Villager (Male) |
| 3:02 | Queue | Villager (Male) ×2 |
| 3:02 | Queue | Villager (Male) |
| 3:22 | Queue | Villager (Male) |
| 3:23 | Queue | Villager (Male) |
| 3:33 | Build | House |
| 4:12 | Queue | Villager (Male) ×4 |
| 4:12 | Queue | Villager (Male) ×4 |
| 4:14 | Queue | Villager (Male) |
| 4:14 | Queue | Villager (Male) |
| 4:32 | Build | Barracks |
| 4:37 | Build | House |
| 4:44 | Queue | Villager (Male) |
| 4:45 | Queue | Villager (Male) |
| 4:54 | Build | Barracks |
| 5:42 | Build | Lumber Camp |
| 5:53 | Queue | Villager (Male) |
| 5:53 | Queue | Villager (Male) ×4 |
| 6:07 | Queue | Militia |
| 6:07 | Queue | Militia |
| 6:16 | Queue | Villager (Male) |
| 6:16 | Queue | Villager (Male) ×2 |
| 6:17 | Queue | Villager (Male) |
| 6:23 | Build | House |
| 6:37 | Build | House |
| 6:51 | Queue | Villager (Male) |
| 6:52 | Queue | Villager (Male) |
| 6:58 | Queue | Villager (Male) |
| 6:59 | Queue | Villager (Male) |
| 7:31 | Build | Mining Camp |
| 8:16 | Build | Mill |
| 8:40 | Queue | Villager (Male) |
| 8:43 | Queue | Militia |
| 8:44 | Queue | Militia |
| 8:44 | Queue | Militia |
| 8:44 | Queue | Militia |
| 8:52 | Queue | Villager (Male) |
| 8:59 | Build | Mill |
| 9:06 | Queue | Villager (Male) |
| 9:22 | Queue | Villager (Male) |
| 9:30 | Build | House |
| 9:32 | Build | House |
| 10:38 | Queue | Villager (Male) |
| 10:41 | Queue | Militia |
| 10:47 | Build | Farm |
| 10:50 | Build | Farm |
| 10:51 | Build | Farm |
| 10:51 | Build | Farm |
| 10:52 | Queue | Villager (Male) |
| 10:52 | Queue | Villager (Male) ×4 |
| 10:57 | Queue | Villager (Male) |
| 11:01 | Queue | Militia |
| 11:17 | Queue | Militia |
| 11:53 | Research | Feudal Age |
| 11:53 | Research | Feudal Age |
| 12:04 | Build | House |
| 12:31 | Build | House |
| 12:39 | Build | Farm |
| 12:41 | Build | Farm |
| 13:08 | Queue | Villager (Male) |
| 14:03 | Age | Feudal Age |
| 14:08 | Build | Archery Range |
| 14:13 | Build | Blacksmith |
| 14:15 | Queue | Villager (Male) |
| 14:18 | Research | Man-at-Arms (upgrade) |
| 14:19 | Research | Man-at-Arms (upgrade) |
| 14:44 | Research | Castle Age |
| 14:44 | Research | Castle Age |
| 14:52 | Research | Man-at-Arms (upgrade) |
| 14:53 | Research | Man-at-Arms (upgrade) |
| 15:18 | Build | Farm |
| 15:21 | Build | Farm |
| 15:24 | Research | Fletching |
| 15:24 | Research | Fletching |
| 15:42 | Queue | Skirmisher |
| 15:42 | Queue | Skirmisher |
| 15:45 | Queue | Villager (Male) |
| 15:57 | Research | Double-Bit Axe |
| 15:57 | Research | Double-Bit Axe |
| 16:57 | Build | Archery Range |
| 17:00 | Queue | Villager (Male) |
| 17:33 | Age | Castle Age |
| 17:36 | Research | Bodkin Arrow |
| 17:36 | Research | Bodkin Arrow |
| 17:38 | Queue | Cavalry Archer ×5 |
| 17:38 | Queue | Cavalry Archer ×5 |
| 17:38 | Queue | Cavalry Archer |
| 17:43 | Queue | Villager (Male) |
| 17:44 | Research | Padded Archer Armor |
| 17:45 | Research | Padded Archer Armor |
| 17:58 | Queue | Cavalry Archer |
| 18:05 | Queue | Villager (Male) |
| 18:10 | Build | University |
| 18:18 | Queue | Villager (Male) |
| 18:35 | Queue | Cavalry Archer ×3 |
| 18:43 | Queue | Cavalry Archer |
| 18:45 | Queue | Villager (Male) |
| 19:07 | Queue | Villager (Male) |
| 19:16 | Research | Leather Archer Armor |
| 19:54 | Queue | Villager (Male) |
| 20:09 | Research | Ballistics |
| 20:09 | Research | Ballistics |
| 20:10 | Queue | Villager (Male) |
| 20:36 | Queue | Villager (Male) |
| 20:41 | Queue | Cavalry Archer |
| 20:41 | Queue | Cavalry Archer |
| 20:50 | Queue | Villager (Male) |
Match timeline
| 4:32 | ocxsod_kuhdf · first_building Barracks |
| 5:13 | Okan1080 · wall_segment Palisade Wall x4 |
| 5:18 | Okan1080 · wall_segment Palisade Wall x3 |
| 6:18 | Okan1080 · wall_segment Palisade Wall x1 |
| 7:32 | Okan1080 · wall_segment Palisade Wall x4 |
| 7:35 | Okan1080 · wall_segment Palisade Wall x1 |
| 8:06 | Okan1080 · wall_segment Palisade Wall x1 |
| 8:23 | Okan1080 · wall_segment Palisade Wall x1 |
| 8:59 | Okan1080 · wall_segment Palisade Wall x1 |
| 8:59 | Okan1080 · wall_segment Palisade Wall x1 |
| 9:01 | Okan1080 · wall_segment Palisade Wall x1 |
| 9:35 | Okan1080 · wall_segment Palisade Wall x1 |
| 9:57 | Okan1080 · wall_segment Palisade Wall x1 |
| 9:59 | Okan1080 · wall_segment Palisade Wall x1 |
| 10:46 | Okan1080 · first_building Barracks |
| 11:40 | Okan1080 · age_up feudal |
| 11:44 | Okan1080 · wall_segment Palisade Wall x1 |
| 12:20 | Okan1080 · wall_segment Palisade Wall x2 |
| 12:32 | Okan1080 · first_building Archery Range |
| 12:42 | Okan1080 · wall_segment Palisade Wall x2 |
| 13:09 | Okan1080 · wall_segment Palisade Wall x4 |
| 13:49 | Okan1080 · wall_segment Palisade Wall x2 |
| 14:03 | ocxsod_kuhdf · age_up feudal |
| 14:08 | ocxsod_kuhdf · first_building Archery Range |
| 14:27 | Okan1080 · wall_segment Palisade Wall x1 |
| 14:28 | Okan1080 · wall_segment Palisade Wall x1 |
| 14:30 | Okan1080 · wall_segment Palisade Wall x1 |
| 14:32 | Okan1080 · wall_segment Palisade Wall x1 |
| 14:37 | Okan1080 · wall_segment Palisade Wall x1 |
| 14:39 | Okan1080 · wall_segment Palisade Wall x1 |
| 14:41 | Okan1080 · wall_segment Palisade Wall x1 |
| 14:43 | Okan1080 · wall_segment Palisade Wall x1 |
| 14:45 | Okan1080 · wall_segment Palisade Wall x1 |
| 14:47 | Okan1080 · wall_segment Palisade Wall x1 |
| 15:11 | Okan1080 · wall_segment Palisade Wall x1 |
| 16:02 | Okan1080 · wall_segment Palisade Wall x1 |
| 16:41 | Okan1080 · wall_segment Palisade Wall x1 |
| 17:07 | Okan1080 · wall_segment Palisade Wall x1 |
| 17:32 | Okan1080 · wall_segment Palisade Wall x1 |
| 17:33 | ocxsod_kuhdf · age_up castle |
| 19:51 | Okan1080 · wall_segment Palisade Wall x3 |
| 20:58 | Okan1080 · resign |
[ AI ANALYSIS · 1 CREDIT ]
What really happened in this match?
Wolo.gg analyzes every decision: build order, eco, micro, common mistakes by bracket. Personalized analysis on WhatsApp or Discord in 30 seconds.
Civ guide
Incas
Perfil
Okan1080